 Dungeon Crawl Stone Soup version 0.30-a0-556-g0a0f5a245f (webtiles) character file.

Game seed: 6386168314520167759

4400 M4edhros the Martial Artist (level 10, -1/66 HPs)
             Began as an Octopode Artificer on Dec 27, 2022.
             Was a Priest of Cheibriados.
             Slain by a wight
             ... wielding a +3 mace
              (5 damage)
             ... while petrified by a basilisk
             ... on level 9 of the Dungeon.
             The game lasted 00:13:51 (5522 turns).

M4edhros the Martial Artist (Octopode Artificer)    Turns: 5522, Time: 00:13:52

Health: -1/66      AC:  1    Str: 19    XL:     10   Next: 35%
Magic:  0/12       EV:  2    Int: 21    God:    Cheibriados [***...]
Gold:   157        SH:  0    Dex: 26    Spells: 9/12 levels left

rFire   . . .      SeeInvis +      - Unarmed
rCold   . . .      Faith    .    i - +0 kite shield
rNeg    + + +      Spirit   +    (helmet restricted)
rPois   ∞          Reflect  .    B - amulet of guardian spirit
rElec   .          Harm     .    n - ring of see invisible
rCorr   .          Rampage  .    (no ring)
Will    .....                    (no ring)
Stlth   ++++                     (no ring)
HPRegen 0.31/turn                (no ring)
MPRegen 0.13/turn                (no ring)
                                 (no ring)
                                 (no ring)

@: petrified, very slow
A: almost no armour, amphibious, 8 rings, camouflage 1, gelatinous body 1,
(nimble swimmer 1), tentacles
a: Renounce Religion, Bend Time, Temporal Distortion


You were on level 9 of the Dungeon.
You worshipped Cheibriados.
Cheibriados was most pleased with you.
You visited 2 branches of the dungeon, and saw 10 of its levels.

You collected 313 gold pieces.
You spent 156 gold pieces at shops.

Inventory:

Hand Weapons
 m - a +3 sling of draining
Missiles
 p - 22 poisoned darts
 F - a curare-tipped dart
Armour
 i - a +0 kite shield (worn)
Jewellery
 n - a ring of see invisible (left tentacle)
 q - an amulet of magic regeneration
 B - an amulet of guardian spirit (around mantle)
Wands
 b - a wand of flame (5) (quivered)
 d - a wand of iceblast (13)
 o - a wand of paralysis (8)
Scrolls
 a - 2 scrolls of fear {unknown}
 g - 4 scrolls of vulnerability {unknown}
 j - 4 scrolls of identify {unknown}
 k - a scroll of noise {unknown}
 u - 2 scrolls of enchant weapon {unknown}
 v - a scroll of fog {unknown}
 w - 4 scrolls of teleportation
 x - 2 scrolls of immolation {unknown}
 y - a scroll of amnesia {unknown}
 z - a scroll of magic mapping {unknown}
Potions
 c - a potion of resistance {unknown}
 e - 3 potions of mutation {unknown}
 f - 4 potions of haste {unknown}
 h - 3 potions of degeneration {unknown}
 l - 2 potions of might
 r - 4 potions of curing
 D - 2 potions of lignification {unknown}


   Skills:
 - Level 5.2 Fighting
 + Level 6.2 Dodging
 - Level 4.2 Stealth
 * Level 7.6 Shields
 * Level 8.1 Unarmed Combat
 + Level 1.5 Spellcasting
 + Level 1.8 Air Magic
 + Level 2.0 Poison Magic
 - Level 4.6 Evocations


You had 9 spell levels left.
You knew the following spells:

 Your Spells              Type           Power      Damage    Failure   Level
a - Mephitic Cloud        Conj/Pois/Air  7%         N/A       56%         3

Your spell library contained the following spells:

 Spells                   Type           Power      Damage    Failure   Level
 Magic Dart               Conj           4%         1d3       36%         1
 Summon Small Mammal      Summ           4%         N/A       36%         1
 Swiftness                Air            9%         N/A       50%         3
 Blink                    Tloc           2%         N/A       52%         2
 Call Imp                 Summ           1%         N/A       52%         2
 Ensorcelled Hibernation  Hex/Ice        2%         N/A       52%         2
 Momentum Strike          Conj/Tloc      2%         3d8       52%         2
 Passwall                 Tmut/Erth      0%         N/A       52%         2
 Call Canine Familiar     Summ           1%         N/A       75%         3
 Lesser Beckoning         Tloc           2%         N/A       75%         3
 Summon Guardian Golem    Hex/Summ       1%         N/A       75%         3
 Iskenderun's Battlesphe  Conj           1%         2d6       100%        5
 Iron Shot                Conj/Erth      0%         9d1       100%        6
 Spellforged Servitor     Conj/Summ      0%         N/A       100%        7


Dungeon Overview and Level Annotations

Branches:
Dungeon (9/15)             Temple (1/1) D:4
   Lair: D:8-11         Orc: D:9-12

Altars:
Ashenzari
Cheibriados
Fedhas
Gozag
Kikubaaqudgha
Makhleb
Nemelex Xobeh
Okawaru
Qazlal
Ru
Sif Muna
Trog
Uskayaw
Vehumet
Wu Jian
Yredelemnul
Zin
The Shining One

Shops:
D:3 *

Annotations:
D:4 Grinder
D:9 exclusion: rakshasa


Innate Abilities, Weirdness & Mutations

You cannot wear most types of armour.
You are amphibious.
You can wear up to eight rings at the same time.
Your skin changes colour to match your surroundings (Stealth+).
Your rubbery body absorbs attacks. (AC +1, EV +1)
((You are camouflaged when in or above water. (Stealth+)))
You have tentacles for arms and can constrict up to eight enemies at once.


Message History

Press: ? - help, Shift-Dir - straight line, f - steam dragon
Aim: a steam dragon (severely wounded, chance to affect: 61%)
Okay, then.
Okay, then.
Okay, then.
Aiming: Paralyse
Press: ? - help, Shift-Dir - straight line, f - steam dragon
Aim: a steam dragon (severely wounded, chance to affect: 61%)
The steam dragon resists with significant effort.
You block the steam dragon's attack.
The steam dragon claws you but does no damage.
The steam dragon bites you but does no damage.
You block the steam dragon's attack.
Your limbs are stiffening.
As you read the scroll labelled RASOEM YFY TIY, it crumbles to dust.
You feel strangely unstable.
It was a scroll of teleportation.
You block the steam dragon's attack. The steam dragon claws you.
You have turned to stone.
The basilisk bites you.
* * * LOW HITPOINT WARNING * * *
The steam dragon bites you!
* * * LOW HITPOINT WARNING * * *
The steam dragon claws you.
* * * LOW HITPOINT WARNING * * *
The basilisk gazes at you. You resist with some effort.
The steam dragon bites you. The steam dragon claws you.
* * * LOW HITPOINT WARNING * * *
The basilisk gazes at you. The steam dragon bites you.
* * * LOW HITPOINT WARNING * * *
The steam dragon claws you.
* * * LOW HITPOINT WARNING * * *
Your surroundings suddenly seem different. 5 wights come into view.
The wight barely misses you. The wight hits you with a +3 mace.
* * * LOW HITPOINT WARNING * * *
The wight hits you with a +0 hand axe!
* * * LOW HITPOINT WARNING * * *
The wight hits you with a +3 mace!
You die...

####.
##....
#.....
####.#..
#.....z.
##......#
..z..z.z#
#....z@#
#......#
#......#
########


You could see 5 wights.

Vanquished Creatures
  Pikel (D:7)
  Maurice (D:8)
  Joseph (D:8)
  A wyvern (D:9)
  A yak (D:8)
  A steam dragon (D:8)
  Grum (D:8)
  Eustachio (D:5)
  2 water moccasins
  2 ice beasts
  A black bear (D:7)
  An ogre (D:6)
  2 wolves (D:8)
  2 centaurs
  2 kobold brigands
  3 bullfrogs
  A gnoll sergeant (D:9)
  A necrophage (D:4)
  8 wights (D:8)
  A hound (D:7)
  2 orc priests
  Ijyb (D:4)
  4 gnoll boudas
  An iguana (D:3)
  An orc wizard (D:7)
  2 adders
  17 gnolls
  A shadow imp (D:6)
  2 ufetubi
  A worm (D:3)
  3 dart slugs
  14 orcs
  6 ball pythons
  7 endoplasms
  5 giant cockroaches
  6 goblins
  4 hobgoblins
  7 jackals
  4 quokkas
  6 bats
  5 frilled lizards
  13 kobolds
  8 rats
154 creatures vanquished.

Vanquished Creatures (collateral kills)
  Maggie (D:7)
  A kobold brigand (D:7)
  An adder (D:4)
  A dart slug (D:3)
  4 orcs
  2 ball pythons
  3 kobolds
13 creatures vanquished.

Vanquished Creatures (others)
  A yak (D:8)
  A gnoll (D:6)
  A jackal (D:3)
3 creatures vanquished.

Grand Total: 170 creatures vanquished

Notes
Turn   | Place    | Note
-------+----------+-------------------------------------------
     0 | D:1      | M4edhros the Octopode Artificer began the quest for the
                  | Orb.
     0 | D:1      | Reached XP level 1. HP: 13/13 MP: 1/1
   142 | D:1      | Found a faded altar of an unknown god.
   240 | D:2      | Reached XP level 2. HP: 14/18 MP: 2/2
   325 | D:2      | Reached skill level 1 in Unarmed Combat
   423 | D:3      | Found Ereapix's General Store.
   435 | D:3      | Bought a potion of curing for 39 gold pieces
   589 | D:3      | Reached XP level 3. HP: 23/23 MP: 3/3
   678 | D:3      | HP: 1/23 [jackal (2)]
   685 | D:3      | Reached XP level 4. HP: 11/28 MP: 4/4
   841 | D:4      | Reached skill level 2 in Unarmed Combat
   943 | D:4      | Noticed Ijyb
   963 | D:4      | Killed Ijyb
   964 | D:4      | Reached XP level 5. HP: 19/34 MP: 5/5
  1159 | D:4      | Reached skill level 1 in Shields
  1212 | D:4      | Reached XP level 6. HP: 23/39 MP: 6/6
  1356 | D:5      | Entered Level 5 of the Dungeon
  1395 | D:5      | Found a bloodstained altar of Trog.
  1395 | D:5      | Found a glowing golden altar of the Shining One.
  1448 | D:5      | Found a snail-covered altar of Cheibriados.
  1486 | D:5      | Reached skill level 3 in Unarmed Combat
  1533 | D:5      | Noticed a water moccasin
  1543 | D:5      | Killed a water moccasin
  1634 | D:5      | Noticed Eustachio
  1650 | D:5      | Killed Eustachio
  1651 | D:5      | Reached XP level 7. HP: 45/45 MP: 7/7
  1679 | D:4      | Found a staircase to the Ecumenical Temple.
  1680 | D:4      | Noticed Grinder
  1688 | Temple   | Entered the Ecumenical Temple
  1879 | D:6      | Found a stormy altar of Qazlal.
  2350 | D:6      | Found a blossoming altar of Fedhas.
  2350 | D:6      | Found a basalt altar of Yredelemnul.
  2436 | D:6      | Reached skill level 4 in Unarmed Combat
  2497 | D:5      | Became a worshipper of Cheibriados the Contemplative
  3285 | D:2      | Reached * piety under Cheibriados
  3636 | D:3      | Bought a potion of might for 52 gold pieces
  3636 | D:3      | Bought a potion of berserk rage for 65 gold pieces
  4467 | D:6      | Reached XP level 8. HP: 52/52 MP: 8/8
  4616 | D:7      | Noticed Pikel
  4620 | D:7      | Noticed Maggie
  4630 | D:7      | Killed Maggie
  4631 | D:7      | Reached skill level 5 in Unarmed Combat
  4704 | D:7      | Killed Pikel
  4705 | D:7      | Reached skill level 5 in Shields
  4705 | D:7      | Reached skill level 6 in Unarmed Combat
  4705 | D:7      | Reached XP level 9. HP: 41/59 MP: 7/9
  4802 | D:7      | Reached ** piety under Cheibriados
  4803 | D:7      | Reached skill level 5 in Dodging
  4865 | D:8      | Noticed Joseph
  4892 | D:8      | Killed Joseph
  4944 | D:8      | Reached skill level 7 in Unarmed Combat
  4997 | D:8      | Reached skill level 5 in Fighting
  5069 | D:8      | Learned a level 3 spell: Mephitic Cloud
  5195 | D:8      | Reached XP level 10. HP: 50/65 MP: 8/10
  5205 | D:8      | Reached *** piety under Cheibriados
  5211 | D:8      | Reached skill level 1 in Poison Magic
  5234 | D:8      | Noticed Maurice
  5249 | D:8      | Killed Maurice
  5250 | D:8      | Reached skill level 1 in Spellcasting
  5250 | D:8      | Reached skill level 1 in Air Magic
  5279 | D:8      | Noticed Grum
  5301 | D:8      | Killed Grum
  5302 | D:8      | Reached skill level 8 in Unarmed Combat
  5476 | D:9      | Noticed a rakshasa
  5499 | D:9      | Found a shimmering blue altar of Sif Muna.
  5522 | D:9      | Slain by a wight

Illustrated notes

Levels and vault maps discovered:
D:1:      dpeg_arrival_ternary, layout_basic, shapermc_ecumenical_altar_ellora
D:2:      layout_basic, minivault_5
D:3:      layout_basic, serial_shops, shop, grunt_ministairs_14,
          minmay_pentangle
D:4:      layout_basic, minmay_temple_entry_statues, serial_curves,
          eino_curves_03, eino_curves_02, minmay_snake_closets, uniq_ijyb,
          uniq_sigmund, uniq_grinder
D:5:      layout_basic, nicolae_overflow_hidden_temple,
          gammafunk_temple_overflow_elements, uniq_eustachio
D:6:      layout_basic, fedhas_altar_decomposition, overflow_temple_1_default,
          lemuel_crystal_altar
D:7:      layout_loops_ring, tgw_xom, uniq_pikel, uniq_maggie
D:8:      layout_loops_ring, lair_entry_dummy, dreamdust_gnoll_shepherd,
          uniq_grum, uniq_maurice, uniq_joseph
D:9:      kennysheep_spiral_hall, layout_rooms, general_overflow_altar,
          mainiacjoe_overflow_alcove_2, grunt_ministairs_1
Temple:   chequers_temple_sunken

Skill      XL: |  1  2  3  4  5  6  7  8  9 10 |
---------------+-------------------------------+-----
Unarmed Combat | 1 2 3 4 6 7 8 |  8.1
Stealth        | 2 3 4 |  4.2
Dodging        | 3 4 5 6 |  6.2
Fighting       | 2 3 4 5 |  5.2
Shields        | 1 2 3 5 7 |  7.6
Evocations     | 4 |  4.6
Poison Magic   | 2 |  2.0
Spellcasting   | 1 |  1.5
Air Magic      | 1 |  1.8

Action                   |  1- 3 |  4- 6 |  7- 9 | 10-12 || total
-------------------------+-------+-------+-------+-------++-------
Melee: Unarmed           |    61 |    78 |   185 |    66 ||   390
       Constrict         |    16 |    20 |    54 |    16 ||   106
       Tentacles         |    14 |    18 |    60 |    21 ||   113
       Punch             |     1 |     3 |    11 |     4 ||    19
 Fire: Sling             |       |       |     2 |       ||     2
Evoke: Wand              |     3 |     7 |    18 |     3 ||    31
  Use: Potion            |     1 |       |     9 |       ||    10
       Scroll            |       |       |       |     1 ||     1
 Stab: Sleeping          |    13 |     6 |    16 |     2 ||    37
       Distracted        |       |     1 |     1 |       ||     2
       Paralysed         |       |       |     5 |     2 ||     7
       Invisible         |       |       |     2 |       ||     2
Armor: Skin              |     6 |       |     5 |     2 ||    13
Dodge: Dodged            |    50 |    40 |    89 |    23 ||   202
Block: Kite shield       |       |    29 |    78 |    46 ||   153

Table legend: (Time is in decaauts)
 A = Elapsed time spent in this place.
 B = Non-inter-level travel time spent in this place.
 C = Inter-level travel time spent in this place.
 D = Time resting spent in this place.
 E = Time spent auto-exploring this place.
 F = Levels seen in this place.
 G = Mean time per level.
                   A        B        C        D        E       F      G
               +--------+--------+--------+--------+--------+-----+--------+
         Total |   6475 |   5819 |    656 |     13 |   3724 |  10 |  647.5 |
       Dungeon |   6425 |   5794 |    631 |     13 |   3724 |   9 |  713.9 |
        Temple |     49 |     24 |     25 |      0 |      0 |   1 |   49.0 |
               +--------+--------+--------+--------+--------+-----+--------+

Top non-repeatable levels by time:
     D:5: 1153 daAuts
     D:4: 904 daAuts
     D:6: 892 daAuts
     D:3: 777 daAuts
     D:1: 731 daAuts
     D:8: 721 daAuts
     D:2: 563 daAuts
     D:7: 510 daAuts
     D:9: 169 daAuts
  Temple: 49 daAuts
